 Dungeon Crawl Stone Soup version 0.29.0-15-g675c0067aa (webtiles) character file.

Game seed: 1211734229791581700

44 xian the Scratcher (level 3, -1/15 HPs)
             Began as a Felid Transmuter on Sept 11, 2022.
             Slain by a worm (12 damage)
             ... on level 2 of the Dungeon.
             The game lasted 00:01:58 (1110 turns).

xian the Scratcher (Felid Transmuter)               Turns: 1110, Time: 00:01:58

Health: -1/15      AC:  1    Str:  6    XL:     3   Next: 39%
Magic:  4/7        EV: 17    Int: 16    God:
Gold:   55         SH:  0    Dex: 16    Spells: 4/7 levels left
                                        Lives:  0   Deaths: 0

rFire   . . .      SeeInvis +     - Unarmed
rCold   . . .      Faith    .   (shield unavailable)
rNeg    . . .      Spirit   .   (body armour unavailable)
rPois   .          Reflect  .   (helmet unavailable)
rElec   .          Harm     .   (cloak unavailable)
rCorr   .          Rampage  .   (gloves unavailable)
Will    .....                   (boots unavailable)
Stlth   ++........              (no amulet)
HPRegen 0.05/turn               (no ring)
MPRegen 0.10/turn               (no ring)

@: appendages, wereblooded, quick
A: horns 2, very small, claws 1, fangs 3, see invisible, speed 1, shaggy fur 1,
stealthy paws, no weapons or thrown items, no armour, multi-lived
a: End Transformation


You were on level 2 of the Dungeon.
You had temporarily grown beastly horns.
You visited 1 branch of the dungeon, and saw 2 of its levels.

You collected 55 gold pieces.

Inventory:

Scrolls
 b - a scroll of immolation {unknown}
 d - a scroll of vulnerability {unknown}
Potions
 a - a potion of lignification
 c - a potion of flight {unknown}
 e - a potion of might {unknown}
 f - a potion of cancellation {unknown}


   Skills:
 + Level 1.0 Fighting
 + Level 2.8 Dodging
 + Level 0.5 Stealth
 + Level 3.5 Unarmed Combat
 + Level 2.5 Spellcasting
 + Level 2.9 Transmutations


You had 4 spell levels left.
You knew the following spells:

 Your Spells              Type           Power      Damage    Failure   Level
a - Beastly Appendage     Tmut           22%        N/A       6%          1
b - Wereblood             Tmut           11%        N/A       9%          2

Your spell library contained the following spells:

 Spells                   Type           Power      Damage    Failure   Level
 Passwall                 Tmut/Erth      5%         N/A       16%         2
 Ensorcelled Hibernation  Hex/Ice        4%         N/A       30%         2
 Spider Form              Tmut/Pois      6%         N/A       32%         3
 Swiftness                Air            2%         N/A       52%         3
 Ice Form                 Ice/Tmut       6%         N/A       71%         4


Dungeon Overview and Level Annotations

Branches:
Dungeon (2/15)

Altars:


Innate Abilities, Weirdness & Mutations

You have temporarily grown beastly horns.
You have sharp claws.
You have razor-sharp teeth.
You have supernaturally acute eyesight. (SInv)
You cover ground quickly. (Speed+)
You are covered in fur. (AC +1)
Your paws help you pounce on unaware monsters.
You are incapable of wielding weapons or throwing items.
You cannot wear armour.
You gain extra lives every three experience levels.


Message History

You closely miss the ball python. The ball python misses you. x2
You scratch the ball python. You headbutt the ball python.
You kill the ball python!
Your transformation is almost over.
An adder comes into view.
The adder hisses angrily.
An adder is nearby!
An adder is nearby!
An adder is nearby!
Found a bone wand.
A worm comes into view.
Casting: Beastly Appendage (safe; 6% risk of failure)
Confirm with . or Enter, or press ? or * to list all spells.
Your blood is infused with primal strength.
You scratch the adder.
The adder is lightly wounded.
The adder closely misses you. x2
You claw the adder! Your bite misses the adder.
The adder is almost dead.
The adder bites you.
You are poisoned.
The adder poisons you!
You closely miss the adder. Your headbutt misses the adder.
The adder is almost dead.
You feel sick. The adder closely misses you.
You scratch the adder. You headbutt the adder.
You feel a bit better.
You kill the adder!
You feel sick.
You feel sick.
You see here an adder corpse.
You howl as the wereblood boils in your veins!
Your horns disappear.
You feel sick.
You grow a pair of large bovine horns.
You feel sick.
You are no longer poisoned.
You scratch the worm. You headbutt the worm.
The worm is heavily wounded.
The worm bites you!
Ouch! That really hurt!
You die...

#####.##### ##.## #.#
#.###########.# #.#
####.##.......##.# #.#
#.......#####.##+## ####.#
#.##.#..# #.#...## #..... #
#.#..#####...../## #.....
#.......##.......# #.....
##...##.#.........####.....
#.......+.@w......+...<...†
##...##.#†........####.....
.................# #.....
########.###.....## #####.
...# #...## #. ##### #+##
#. #. #. #.


You could see a worm.

Vanquished Creatures
  2 adders (D:2)
  A dart slug (D:2)
  2 endoplasms
  4 giant cockroaches (D:1)
  A goblin (D:1)
  2 hobgoblins
  4 kobolds (D:1)
  3 ball pythons
  A bat (D:1)
  2 frilled lizards (D:1)
  2 rats (D:1)
24 creatures vanquished.

Notes
Turn   | Place    | Note
-------+----------+-------------------------------------------
     0 | D:1      | xian the Felid Transmuter began the quest for the Orb.
     0 | D:1      | Reached XP level 1. HP: 9/9 MP: 4/4
   364 | D:1      | Reached XP level 2. HP: 12/12 MP: 4/6
   400 | D:1      | Learned a level 2 spell: Wereblood
  1039 | D:2      | Reached XP level 3. HP: 10/15 MP: 3/7
  1110 | D:2      | Slain by a worm

Illustrated notes

Levels and vault maps discovered:
D:1:      eino_arrival_tree_alley, layout_rooms, st_stairs_11
D:2:      layout_loops_corners

Action                   || total
-------------------------++-------
Melee: Unarmed           ||    61
       Headbutt          ||    16
       Bite              ||     4
       Punch             ||     1
 Cast: Beastly Appendage ||    16
       Wereblood         ||     3
 Stab: Sleeping          ||     2
Armor: Skin              ||     4
Dodge: Dodged            ||    39
